 Dungeon Crawl Stone Soup version 0.23.2-33-g5129a83184 (webtiles) character file.

Game seed: 9117677609269265123

62917 Acheron the Cleaver (level 14, -9/125 HPs)
             Began as a Minotaur Abyssal Knight on July 11, 2019.
             Was the Champion of Lugonu.
             Mangled by a white ugly thing (10 damage)
             ... on level 15 of the Dungeon on July 12, 2019.
             The game lasted 02:43:05 (29181 turns).

Acheron the Cleaver (Minotaur Abyssal Knight)      Turns: 29181, Time: 02:43:05

Health: -9/125     AC: 11    Str: 21    XL:     14   Next: 66%
Magic:  20/20      EV: 16    Int: 14    God:    Lugonu [******]
Gold:   1239       SH:  6    Dex: 13    Spells: 9/22 levels left

rFire    . . .     SeeInvis +   w - +4 war axe
rCold    . . .     Gourm    .   l - +0 buckler
rNeg     + . .     Faith    .   p - +3 leather armour of Fallacy {-Cast rPois Int+4 SInv}
rPois    +         Spirit   .   (helmet restricted)
rElec    .         Reflect  .   t - +2 cloak
rCorr    .         Harm     .   g - +0 pair of gloves {Str+3}
MR       +....     NoCast   +   (no boots)
Stlth    +++.......             (no amulet)
HPRegen  0.30/turn              u - +2 ring of slaying
MPRegen  0.17/turn              N - ring of positive energy

@: no status effects
A: retaliatory headbutt, horns 2
a: Depart the Abyss, Bend Space, Banish, Corrupt, Enter the Abyss, Brand Weapon
With Distortion, Renounce Religion


You were on level 15 of the Dungeon.
You worshipped Lugonu.
Lugonu was exalted by your worship.
You were not hungry.

You visited 5 branches of the dungeon, and saw 24 of its levels.
You visited the Abyss 1 time.
You also visited: Ice Cave.

You collected 1262 gold pieces.
You spent 23 gold pieces at shops.

Inventory:

Hand Weapons
 b - the +9 flail of the Firefly {crush, *Slow +Rage Int+5, unknown}
   (You found it on level 5 of the Lair of Beasts)

   It inflicts extra damage upon your enemies.
   It affects your intelligence (+5).
   It lets you go berserk.
   It may slow you when you take damage.
 k - a +0 hunting sling
 q - a +4 trident of venom
 w - a +4 war axe (weapon)
 O - the +7 mace "Killer Klown's Foe" {freeze, MR+, unknown}
   (You found it on level 6 of the Lair of Beasts)

   It has been specially enchanted to freeze those struck by it, causing extra
   injury to most foes and up to half again as much damage against particularly
   susceptible opponents.
   It can also slow down cold-blooded creatures.
   It affects your resistance to hostile enchantments.
 Z - a +0 scimitar of flaming
Missiles
 j - 442 stones
 n - 115 sling bullets
 A - 13 javelins (quivered)
 R - 6 throwing nets
Armour
 g - a +0 pair of gloves of strength (worn)
 l - a +0 buckler (worn)
 p - the +3 leather armour of Fallacy (worn) {-Cast rPois Int+4 SInv}
   (You found it on level 4 of the Dungeon)

   It affects your intelligence (+4).
   It protects you from poison.
   It lets you see invisible.
   It prevents spellcasting.
 t - a +2 cloak (worn)
 y - a scarf of cloud immunity
 K - the +1 hat of Beauty {-Tele rElec rPois rF++ Regen+}
   (You acquired it on level 5 of the Lair of Beasts)

   It greatly protects you from fire.
   It insulates you from electricity.
   It protects you from poison.
   It prevents most forms of teleportation.
   It increases your rate of regeneration.
Jewellery
 u - a +2 ring of slaying (left hand)
 H - an uncursed ring of stealth
 N - a ring of positive energy (right hand)
 S - an uncursed ring of ice
 T - a +3 ring of dexterity {unknown}
Wands
 e - a wand of iceblast (28)
 v - a wand of digging (10)
 D - a wand of polymorph (21)
 F - a wand of flame (21)
 V - a wand of disintegration (6)
 X - a wand of paralysis (23)
 Y - a wand of acid (22)
Scrolls
 d - 15 scrolls of remove curse
 h - 7 scrolls of amnesia
 m - 12 scrolls of teleportation
 z - 2 scrolls of fear
 G - 3 scrolls of fog
 J - 2 scrolls of magic mapping
 W - 2 scrolls of blinking
Potions
 a - 3 potions of brilliance {unknown}
 f - 4 potions of haste
 i - 3 potions of magic
 o - 4 potions of agility
 r - a potion of mutation {unknown}
 s - 4 potions of invisibility
 x - a potion of resistance {unknown}
 B - 5 potions of flight
 C - 5 potions of curing
 I - 3 potions of ambrosia {unknown}
 L - 2 potions of berserk rage {unknown}
 M - 2 potions of degeneration {unknown}
 U - 5 potions of lignification {unknown}
Comestibles
 c - 37 rations


   Skills:
 * Level 11.8 Fighting
 * Level 13.9(14.1) Axes
 + Level 4.0(10.1) Polearms
 * Level 7.6 Throwing
 + Level 7.5 Armour
 * Level 8.4 Dodging
 * Level 6.6 Stealth
 + Level 7.3 Shields
 * Level 4.8 Spellcasting
 * Level 5.3 Transmutations
 * Level 2.7 Earth Magic
 * Level 8.1 Invocations
 * Level 6.5 Evocations


You had 9 spell levels left.
You knew the following spells:

 Your Spells              Type           Power        Failure   Level  Hunger
a - Beastly Appendage     Tmut           ###...       2%          1    None
b - Sticks to Snakes      Tmut           ###.....     3%          2    ##.....
c - Sandblast             Erth           ##....       7%          1    None
d - Passwall              Tmut/Erth      ##......     6%          2    ##.....
e - Blink                 Tloc           N/A          30%         2    ##.....
f - Shroud of Golubria    Chrm/Tloc      #.........   30%         2    ##.....
g - Stone Arrow           Conj/Erth      #.....       34%         3    ###....

Your spell library contained the following spells:

 Spells                   Type           Power        Failure   Level  Hunger
 Freeze                   Ice            #...         21%         1    None
 Spider Form              Tmut/Pois      ##........   21%         3    ###....
 Throw Frost              Conj/Ice       #.....       30%         2    ##.....
 Petrify                  Tmut/Erth      ##......     36%         4    ####...
 Gell's Gravitas          Tloc           #.........   52%         3    ###....
 Lesser Beckoning         Tloc           #.........   52%         3    ###....
 Ozocubu's Armour         Chrm/Ice       #.......     52%         3    ###....
 Teleport Other           Tloc           #.......     52%         3    ###....
 Blade Hands              Tmut           ###.......   54%         5    ######.
 Ice Form                 Ice/Tmut       ##......     56%         4    ####...
 Lee's Rapid Deconstruct  Erth           ##........   88%         5    ######.
 Passage of Golubria      Tloc           N/A          90%         4    ####...
 Summon Ice Beast         Ice/Summ       #.......     90%         4    ####...
 Throw Icicle             Conj/Ice       #.......     90%         4    ####...
 Metabolic Englaciation   Hex/Ice        #.........   99%         5    ######.
 Bolt of Cold             Conj/Ice       #.........   100%        6    #######
 Freezing Cloud           Conj/Ice/Air   #.........   100%        6    #######
 Ozocubu's Refrigeration  Ice            #.........   100%        6    #######
 Simulacrum               Ice/Necr       #.........   100%        6    #######


Dungeon Overview and Level Annotations

Branches:
Dungeon (15/15)            Temple (0/1) D:5            Lair (6/6) D:10
 Shoals (1/4) Lair:3       Spider (1/4) Lair:2        Slime (1/5) Lair:5
 Vaults (0/5) D:13
    Orc: D:9-12      Depths: D:15

Altars:
Fedhas
Makhleb
Nemelex Xobeh
Qazlal
Beogh
Lugonu

Shops:
D:8 *   D:9 [   D:10 }

Annotations:
D:5 3 runed translucent doors, Pikel
D:7 2 transporters
D:14 exclusion: downstairs
D:15 Thargor's ghost, journeyman GnSk
Lair:2 exclusion: 2 oklob plants


Innate Abilities, Weirdness & Mutations

You reflexively headbutt those who attack you in melee.
You have a pair of horns on your head.


Message History

Thargor's ghost says, "Watch and be amazed!"
The yaktaur moves out of view.
The yaktaur shouts!
You hear a horrible gurgling sound!
The yaktaur wields a +0 arbalest.
The yaktaur shoots a bolt.
The bolt hits you!
You see here a bolt.
The yaktaur shoots a bolt.
The bolt completely misses you.
The yaktaur shoots a bolt.
The bolt barely misses you.
Thargor's ghost points at you and mumbles some strange words.
The lance of force hits you!!
* * * LOW HITPOINT WARNING * * *
You are knocked back by the lance of force.
The yaktaur shoots a bolt.
You block the bolt.
The white ugly thing engulfs you but does no damage.
There is a stone staircase leading up, spattered with blood here.
The white ugly thing engulfs you.
* * * LOW HITPOINT WARNING * * *
The white ugly thing freezes you!
* * * LOW HITPOINT WARNING * * *
The white ugly thing punches you!
You die...

############### ###
........u.....# ..#
.......u@c....#######..##
...u..........W..(.......
.................(...$...
........##########.......
######..# #....... #..#
######....... ....
............. .....
#######...... #......


You could see 3 ugly things, a yaktaur and Thargor's ghost.

Vanquished Creatures
  Frances (D:12)
  A centaur warrior (D:13)
  2 hydras
  9 two-headed ogres
  A catoblepas (Lair:4)
  An ogre mage (D:13)
  Urug (Lair:3)
  5 unseen horrors
  A wizard (Lair:6)
  2 necromancers
  A deep elf mage (D:12)
  5 cyclopes
  3 ugly things
  2 manticores
  An ice statue (IceCv)
  3 black mambas
  An elephant (Lair:6)
  Joseph (D:7)
  A gargoyle (D:15)
  17 spiny frogs
  An efreet (D:14)
  6 rime drakes
  10 freezing wraiths (IceCv)
  3 yaktaurs (D:13)
  8 komodo dragons
  A harpy zombie (D:14)
  A wolf spider simulacrum (IceCv)
  A troll (D:13)
  2 hornets
  3 slime creatures (D:12)
  13 dream sheep
  10 hippogriffs
  A spriggan (D:7)
  2 wyverns
  A basilisk (Lair:1)
  43 yaks
  2 wraiths
  A death yak simulacrum (IceCv)
  A steam dragon (D:10)
  5 vampire mosquitoes
  2 hungry ghosts
  An acid dragon (D:11)
  11 porcupines
  5 water moccasins
  11 ice beasts
  11 orc warriors
  2 sky beasts (D:10)
  An eye of draining (D:12)
  A phantom (D:5)
  A slave (D:5)
  5 centaurs
  13 wolves
  6 ogres
  11 crocodiles
  4 big kobolds
  5 gnoll sergeants
  17 bullfrogs
  2 wyvern skeletons
  6 scorpions
  17 killer bees
  14 wights
  An electric eel (Lair:1)
  7 crimson imps
  4 howler monkeys
  2 centaur zombies
  2 bullfrog zombies
  5 draconian simulacra (IceCv)
  Crazy Yiuf (D:7)
  8 hounds
  4 orc priests (D:9)
  A gnoll shaman (D:7)
  5 jellies
  11 orc wizards
  2 bullfrog skeletons (D:10)
  7 centaur skeletons
  Ijyb (D:4)
  7 worker ants
  An iguana (D:14)
  4 spriggan simulacra (IceCv)
  3 troll simulacra (IceCv)
  2 wolf simulacra (IceCv)
  2 centaur simulacra (IceCv)
  3 hound skeletons
  3 hound zombies
  3 worker ant zombies
  29 gnolls
  14 adders
  5 naga simulacra (IceCv)
  An ogre simulacrum (IceCv)
  6 shadow imps
  12 white imps (IceCv)
  5 oozes
  An adder skeleton (D:5)
  4 worms
  2 dart slugs (D:3)
  7 leopard geckos
  53 orcs
  6 giant cockroaches
  7 goblins
  7 hobgoblins
  12 jackals
  8 quokkas
  2 ball pythons
  7 bats
  9 frilled lizards
  A jackal skeleton (D:5)
  21 kobolds
  A quokka skeleton (D:5)
  3 rats
  A fungus (Lair:6)
633 creatures vanquished.

Vanquished Creatures (others)
  3 hydras
  A spiny frog (Lair:1)
  A troll (D:10)
  A polar bear (Lair:5)
  9 fungi
  13 plants
28 creatures vanquished.

Grand Total: 661 creatures vanquished

Notes
Turn   | Place    | Note
-------+----------+-------------------------------------------
     0 | Abyss:1  | Acheron the Minotaur Abyssal Knight began the quest for the
                  | Orb.
     0 | Abyss:1  | Reached XP level 1. HP: 19/19 MP: 1/1
     7 | D:1      | Escaped the Abyss
   353 | D:1      | Reached XP level 2. HP: 15/27 MP: 2/2
   963 | D:2      | Reached ** piety under Lugonu
   963 | D:2      | Reached XP level 3. HP: 33/33 MP: 3/3
  1826 | D:2      | Reached skill level 3 in Axes
  1826 | D:2      | Reached skill level 1 in Stealth
  1826 | D:2      | Reached XP level 4. HP: 8/41 MP: 4/4
  2339 | D:3      | Reached skill level 1 in Shields
  2703 | D:5      | Entered Level 5 of the Dungeon
  2703 | D:5      | Noticed an ogre
  2709 | D:5      | Killed an ogre
  2709 | D:5      | Reached XP level 5. HP: 25/47 MP: 5/5
  3455 | D:5      | Reached XP level 6. HP: 42/53 MP: 7/7
  3603 | D:4      | Got a fine leather armour
  3607 | D:4      | Identified the +3 leather armour of Fallacy {-Cast rPois
                  | Int+4 SInv} (You found it on level 4 of the Dungeon)
  4320 | D:4      | Noticed Ijyb
  4332 | D:4      | Killed Ijyb
  4361 | D:4      | Reached *** piety under Lugonu
  4406 | D:4      | Reached skill level 4 in Axes
  4408 | D:4      | Reached skill level 1 in Throwing
  4690 | D:5      | Reached XP level 7. HP: 60/60 MP: 8/8
  4699 | D:5      | Reached skill level 5 in Fighting
  4717 | D:5      | Found a staircase to the Ecumenical Temple.
  4744 | D:5      | Reached skill level 1 in Spellcasting
  5143 | D:7      | Found a transporter.
  5146 | D:7      | Noticed Joseph
  5161 | D:7      | Killed Joseph
  5161 | D:7      | Reached skill level 5 in Axes
  5161 | D:7      | Reached XP level 8. HP: 29/68 MP: 9/9
  5524 | D:7      | Found a runed translucent door.
  5525 | D:7      | Noticed Crazy Yiuf
  5532 | D:7      | Killed Crazy Yiuf
  5679 | D:7      | Reached **** piety under Lugonu
  5753 | D:7      | Reached skill level 6 in Axes
  5965 | D:7      | Reached skill level 5 in Armour
  5965 | D:7      | Reached skill level 1 in Evocations
  5994 | D:7      | Found a burning altar of Makhleb.
  6841 | D:7      | Noticed a purple ugly thing
  6841 | D:7      | Noticed a purple ugly thing
  6842 | D:7      | Found a corrupted altar of Lugonu.
  6842 | D:7      | Noticed a white ugly thing
  6842 | D:7      | Noticed an ancient zyme
  6846 | D:7      | Found a transporter.
  6927 | D:7      | Reached XP level 9. HP: 71/75 MP: 11/11
  7174 | D:6      | Reached skill level 7 in Axes
  7366 | D:6      | Found a blossoming altar of Fedhas.
  8033 | D:5      | Found a runed translucent gate.
  8042 | D:5      | Found a runed translucent gate.
  8042 | D:5      | Found a runed translucent gate.
  8183 | D:5      | Noticed Pikel
  8360 | D:8      | Found a roughly hewn altar of Beogh.
  8722 | D:8      | Found a sparkling altar of Nemelex Xobeh.
  8789 | D:9      | Found Ulameoc's Antique Armour Shop.
  8874 | D:9      | Reached skill level 8 in Axes
  8880 | D:9      | Reached XP level 10. HP: 45/84 MP: 12/12
  8894 | D:9      | Reached ***** piety under Lugonu
  9182 | D:10     | Entered Level 10 of the Dungeon
  9253 | D:9      | Found a stormy altar of Qazlal.
  9337 | D:9      | Reached skill level 5 in Dodging
  9345 | D:9      | Reached skill level 5 in Shields
  9572 | D:8      | Found Zuf Puxy's Assorted Antiques.
  9793 | D:8      | Bought a scroll labeled MEATYOV FUEJAM for 23 gold pieces
 10215 | D:8      | Reached skill level 5 in Invocations
 10610 | D:8      | Learned a level 1 spell: Beastly Appendage
 10819 | D:9      | HP: 4/86 [orc warrior/tomahawk (13)]
 10830 | D:11     | Noticed an unseen horror
 11726 | D:10     | Reached skill level 9 in Axes
 11917 | D:10     | Noticed an unseen horror
 11939 | D:10     | Killed an unseen horror
 11939 | D:10     | Reached skill level 1 in Transmutations
 11976 | D:10     | Reached XP level 11. HP: 60/94 MP: 14/14
 12257 | D:10     | Found a staircase to the Lair.
 12348 | D:10     | Found Wetymm's Gadget Boutique.
 12549 | D:10     | Noticed a two-headed ogre
 13084 | Lair:1   | Entered Level 1 of the Lair of Beasts
 13389 | Lair:2   | Found a hole to the Spider Nest.
 13526 | Lair:2   | Reached skill level 5 in Throwing
 13615 | Lair:2   | Noticed a seven-headed hydra
 13623 | Lair:2   | Banished a seven-headed hydra
 14054 | Lair:2   | Reached skill level 1 in Polearms
 14280 | Lair:2   | Reached skill level 5 in Stealth
 14601 | Lair:2   | Noticed an oklob plant
 14602 | Lair:2   | Noticed an oklob plant
 14700 | Lair:2   | Reached skill level 10 in Axes
 14806 | Spider:1 | Entered Level 1 of the Spider Nest
 15374 | Lair:3   | Noticed a five-headed hydra
 15380 | Lair:3   | Banished a five-headed hydra
 15505 | Lair:3   | Reached XP level 12. HP: 14/104 MP: 16/16
 15506 | Lair:3   | HP: 5/104 [yak (10)]
 15993 | Lair:3   | Noticed Urug
 16111 | Lair:3   | Found a staircase to the Shoals.
 16346 | Lair:3   | Killed Urug
 16677 | Lair:3   | Noticed an eight-headed hydra
 17002 | Lair:4   | Noticed a catoblepas
 17015 | Lair:4   | Killed a catoblepas
 17130 | Lair:4   | You fall through a shaft!
 17339 | Lair:5   | Noticed a death yak
 17342 | Lair:5   | Noticed a death yak
 17394 | Lair:6   | Entered Level 6 of the Lair of Beasts
 17424 | Lair:6   | HP: 4/106 [komodo dragon (7)]
 17921 | Lair:6   | Learned a level 2 spell: Sticks to Snakes
 17964 | Lair:6   | Reached skill level 10 in Fighting
 18170 | Lair:6   | Reached ****** piety under Lugonu
 18270 | Lair:6   | Noticed a five-headed hydra
 18273 | Lair:6   | Banished a five-headed hydra
 18273 | Lair:6   | Reached skill level 11 in Axes
 18296 | Lair:6   | Reached skill level 5 in Evocations
 18328 | Lair:6   | Noticed a dire elephant
 19307 | Lair:5   | Got a pitted flail
 19485 | Lair:5   | Reached XP level 13. HP: 63/114 MP: 18/18
 19712 | Lair:5   | Identified a scroll of acquirement
 19713 | Lair:5   | Got a smoking hat
 19719 | Lair:5   | Identified the +1 hat of Beauty {-Tele rElec rPois rF++
                  | Regen+} (You acquired it on level 5 of the Lair of Beasts)
 19724 | Lair:5   | Found a staircase to the Slime Pits.
 20264 | Lair:6   | Got an ivory mace
 20782 | Lair:6   | Found a burning altar of Makhleb.
 21230 | Lair:4   | Reached skill level 12 in Axes
 21375 | Slime:1  | Entered Level 1 of the Pits of Slime
 22841 | Shoals:1 | Entered Level 1 of the Shoals
 22853 | Lair:3   | Learned a level 1 spell: Sandblast
 24136 | D:12     | Noticed Frances
 24150 | D:12     | Killed Frances
 24150 | D:12     | Reached skill level 1 in Earth Magic
 24405 | D:13     | Found a frozen archway.
 24475 | IceCv    | Entered an ice cave
 24794 | IceCv    | Reached skill level 13 in Axes
 25065 | IceCv    | Found an ancient bone altar of Kikubaaqudgha.
 25155 | IceCv    | Reached XP level 14. HP: 37/124 MP: 19/19
 25753 | D:13     | Learned a level 2 spell: Passwall
 25756 | D:13     | Learned a level 2 spell: Blink
 25759 | D:13     | Learned a level 2 spell: Shroud of Golubria
 25763 | D:13     | Learned a level 3 spell: Stone Arrow
 26370 | D:13     | Found a gate to the Vaults.
 26427 | D:13     | Reached skill level 5 in Transmutations
 27295 | D:12     | You fall through a shaft for 2 floors!
 27880 | D:15     | Entered Level 15 of the Dungeon
 28390 | D:15     | Found a runed translucent door.
 28390 | D:15     | Noticed Thargor's ghost (journeyman GnSk)
 29181 | D:15     | HP: 1/125 [white ugly thing (17)]
 29181 | D:15     | Mangled by a white ugly thing

Skill      XL: |  1  2  3  4  5  6  7  8  9 10 11 12 13 14 |
---------------+-------------------------------------------+-----
Fighting       | 4 5 6 7 9 10 11 | 11.8
Invocations    | 2 3 4 5 6 7 8 |  8.1
Axes           | 3 4 5 6 8 9 10 11 13 | 13.9
Stealth        | 1 2 3 4 5 6 |  6.6
Armour         | 3 4 5 6 7 |  7.5
Dodging        | 2 3 4 5 6 7 8 |  8.4
Shields        | 1 2 3 4 5 6 7 |  7.3
Throwing       | 1 2 3 4 5 6 7 |  7.6
Spellcasting   | 1 2 3 4 |  4.8
Evocations     | 1 2 3 4 5 6 |  6.5
Transmutations | 1 2 3 4 5 |  5.3
Polearms       | 2 3 4 |  4.0
Earth Magic    | 1 2 |  2.7

Action                   |  1- 3 |  4- 6 |  7- 9 | 10-12 | 13-15 || total
-------------------------+-------+-------+-------+-------+-------++-------
Melee: Hand axe          |    98 |    81 |       |       |       ||   179
       Headbutt          |    12 |    18 |    66 |   132 |   183 ||   411
       War axe           |       |    59 |   329 |   634 |   801 ||  1823
       Trident           |       |       |       |     2 |     8 ||    10
Throw: Javelin           |       |     4 |     2 |     8 |    46 ||    60
Invok: Bend Space        |       |       |     1 |     2 |       ||     3
       Banish            |       |       |       |     6 |       ||     6
Evoke: Wand              |       |       |       |     3 |    17 ||    20
  Use: Scroll            |     4 |     4 |     7 |     8 |     7 ||    30
       Potion            |       |       |       |     7 |     9 ||    16
 Stab: Sleeping          |       |       |    11 |    19 |    19 ||    49
       Distracted        |       |       |       |     2 |     4 ||     6
       Invisible         |       |       |       |       |     2 ||     2
  Eat: Chunk             |     2 |    10 |     7 |    13 |    10 ||    42
       Ration            |       |       |     2 |     7 |     7 ||    16
Armor: Leather armour    |    19 |    27 |    88 |   197 |   151 ||   482
       Ring mail         |    19 |     3 |       |       |       ||    22
       Scale mail        |       |    28 |       |       |       ||    28
Dodge: Dodged            |    69 |    76 |   215 |   458 |   412 ||  1230
Block: Buckler           |     9 |    26 |    72 |   163 |   158 ||   428
